 Dungeon Crawl Stone Soup version 0.31-a0-1074-g0b22e4e0f1 (webtiles) character file.

Game seed: 5745266628434368337

259 grandjackal the Conjurer (level 5, -13/29 HPs)
             Began as a Deep Elf Conjurer on Dec 3, 2023.
             Shot with an arrow by a centaur (16 damage)
             ... on level 4 of the Dungeon.
             The game lasted 00:03:32 (2467 turns).

grandjackal the Conjurer (Deep Elf Conjurer)        Turns: 2467, Time: 00:03:33

Health: -13/29     AC:  4    Str:  4    XL:     5   Next: 94%
Magic:  14/14      EV: 12    Int: 25    God:
Gold:   137        SH:  0    Dex: 13    Spells: 8/14 levels left

rFire   . . .        k - +2 spear (flame)
rCold   . . .        (no shield)
rNeg    . . .        a - +0 robe
rPois   .            (no helmet)
rElec   .            (no cloak)
rCorr   .            j - +0 pair of gloves
SInv    .            o - +0 pair of boots
Will    .....        (no amulet)
Stlth   ++           (no ring)
HPRegen 0.24/turn    (no ring)
MPRegen 0.14/turn

%: no passive effects
@: no status effects
A: no striking features
a: no special abilities


You were on level 4 of the Dungeon.
You visited 1 branch of the dungeon, and saw 4 of its levels.

You collected 137 gold pieces.

Inventory:

Hand Weapons
 k - a +2 spear of flaming (weapon)
Armour
 a - a +0 robe (worn)
 j - a +0 pair of gloves (worn)
 o - a +0 pair of boots (worn)
Jewellery
 h - a +5 ring of evasion
Scrolls
 c - a scroll of revelation {unknown}
 e - 2 scrolls of silence {unknown}
 i - 2 scrolls of poison {unknown}
 l - a scroll of teleportation {unknown}
 m - a scroll of fog {unknown}
 n - 3 scrolls of identify {unknown}
Potions
 b - a potion of magic
 d - a potion of heal wounds {unknown}
 f - 5 potions of curing {unknown}
 g - 2 potions of attraction {unknown}
 p - a potion of berserk rage {unknown}
 q - 2 potions of haste {unknown}
 r - a potion of lignification {unknown}


   Skills:
 - Level 1.1 Fighting
 - Level 2.4 Dodging
 - Level 2.4 Stealth
 + Level 5.4 Spellcasting
 + Level 5.8 Conjurations
 + Level 3.5 Hexes


You had 8 spell levels left.
You knew the following spells:

 Your Spells              Type           Power      Damage    Failure   Level
a - Magic Dart            Conj           100%       1d8       1%          1
b - Searing Ray           Conj           70%        2d7       1%          2
c - Dazzling Flash        Conj/Hex       60%        N/A       3%          3

Your spell library contained the following spells:

 Spells                   Type           Power      Damage    Failure   Level
 Fulminant Prism          Conj/Hex       15%        3d10      12%         4
 Iskenderun's Mystic Bla  Conj/Tloc      21%        2d6       24%         4


Dungeon Overview and Level Annotations

Branches:
Dungeon (4/15)
 Temple: D:4-7

Altars:
Makhleb
Nemelex Xobeh


Message History

The magic dart hits the phantom.
You destroy the phantom!
Your Spellcasting skill increases to level 5!
Your Hexes skill increases to level 3!
You start resting.
Magic restored.
HP restored.
There is a stone staircase leading down here.
You climb downwards.
There is a stone staircase leading up here.
There are monsters nearby!
Casting: Magic Dart (safe; 1% risk of failure)
Confirm with . or Enter, or press ? or * to list all spells.
Aiming: Searing Ray (safe; 1% risk of failure)
Press: ? - help, Shift-Dir - straight line, f - iguana
Aim: an iguana (83% to hit)
The searing ray hits the iguana but does no damage. (Press . to maintain the ray.)
The searing ray hits the iguana.
The iguana is moderately wounded.
The iguana closely misses you.
The searing ray hits the iguana!
The iguana is almost dead.
The iguana misses you.
The searing ray hits the iguana.
You kill the iguana!
You finish channelling your searing ray.
You start resting.
Magic restored.
A centaur comes into view.
Found a manual of Evocations.
The centaur shouts! x2
The centaur wields a +0 orcbow.
The centaur shoots an arrow.
The arrow hits you!
The centaur shoots an arrow.
The arrow hits you!
The centaur shoots an arrow.
The arrow hits you!
* * * LOW HITPOINT WARNING * * *
The centaur wields a +0 orcbow.
The centaur shoots an arrow.
The arrow hits you!
Ouch! That really hurt!
You die...

#.# ########.#
########........#
...............#
..............#
##.##.........#
#...##........####
.#.##c.#....<......#
....:c.@.......###.#
.#..##.#.......# .#
..##.......# .#
#.##..#.##### .#
......##.# .# #..
... ..# .. ##
####### ##


You could see 2 centaurs.

Vanquished Creatures
  A phantom (D:3)
  An iguana (D:4)
  2 orc wizards (D:4)
  4 gnolls (D:4)
  2 adders (D:2)
  2 dart slugs
  2 orcs (D:4)
  6 endoplasms
  6 goblins
  3 hobgoblins
  2 jackals (D:1)
  3 quokkas
  3 ball pythons
  8 bats
  3 frilled lizards
  2 kobolds
  4 rats
54 creatures vanquished.

Notes
Turn   | Place    | Note
-------+----------+-------------------------------------------
     0 | D:1      | grandjackal the Deep Elf Conjurer began the quest for the
                  | Orb.
     0 | D:1      | Reached XP level 1. HP: 10/10 MP: 6/6
   250 | D:1      | Reached XP level 2. HP: 16/16 MP: 5/8
   456 | D:1      | Learned a level 2 spell: Searing Ray
   700 | D:1      | Reached skill level 1 in Fighting
   991 | D:2      | Reached XP level 3. HP: 20/20 MP: 7/10
  1032 | D:2      | Learned a level 3 spell: Dazzling Flash
  1285 | D:2      | Reached skill level 1 in Hexes
  1585 | D:3      | Reached skill level 5 in Conjurations
  1858 | D:3      | Found a sparkling altar of Nemelex Xobeh.
  1947 | D:3      | Found a burning altar of Makhleb.
  2095 | D:4      | Reached XP level 4. HP: 25/25 MP: 4/12
  2266 | D:4      | Reached XP level 5. HP: 29/29 MP: 7/14
  2272 | D:4      | Noticed a phantom
  2307 | D:3      | Killed a phantom
  2308 | D:3      | Reached skill level 5 in Spellcasting
  2415 | D:4      | Noticed a centaur
  2466 | D:4      | Noticed a centaur
  2467 | D:4      | Shot with an arrow by a centaur

Illustrated notes

Levels and vault maps discovered:
D:1:      lightli_arrival_flooded_house, layout_basic
D:2:      layout_rooms
D:3:      layout_rooms, lightli_temple_of_fire, mainiacjoe_overflow_boulevard,
          serial_glass, glass_columns_b, glass_columns_c,
          guppyfry_early_lair_pool
D:4:      layout_basic, minivault_27, minmay_manual_mares

Skill      XL: |  1  2  3  4  5 |
---------------+----------------+-----
Fighting       | 1 |  1.1
Spellcasting   | 4 5 |  5.4
Hexes          | 1 2 3 |  3.5
Conjurations   | 5 |  5.8
Dodging        | |  2.4
Stealth        | |  2.4

Action                     |  1- 3 |  4- 6 || total
---------------------------+-------+-------++-------
  Melee: Spear             |    10 |    14 ||    24
   Cast: Magic Dart        |    70 |     6 ||    76
         Searing Ray       |     1 |     6 ||     7
   Stab: Sleeping          |     1 |       ||     1
 Armour: Robe              |     7 |    20 ||    27
  Dodge: Dodged            |     4 |    13 ||    17

Table legend: (Time is in decaauts)
 A = Elapsed time spent in this place.
 B = Non-inter-level travel time spent in this place.
 C = Inter-level travel time spent in this place.
 D = Time resting spent in this place.
 E = Time spent auto-exploring this place.
 F = Levels seen in this place.
 G = Mean time per level.
                   A        B        C        D        E       F      G
               +--------+--------+--------+--------+--------+-----+--------+
         Total |   2470 |   2401 |     69 |    554 |   1532 |   4 |  617.5 |
       Dungeon |   2470 |   2401 |     69 |    554 |   1532 |   4 |  617.5 |
               +--------+--------+--------+--------+--------+-----+--------+

Top non-repeatable levels by time:
     D:1: 971 daAuts
     D:3: 684 daAuts
     D:2: 544 daAuts
     D:4: 270 daAuts
